 Dungeon Crawl Stone Soup version 0.30-a0-135-g630cfc4551 (webtiles) character file.

Game seed: 12285590776855749382

458 Klosterheim the Sneak (level 6, -7/28 HPs)
             Began as a Spriggan Enchanter on Sept 20, 2022.
             Was a Follower of Sif Muna.
             Killed from afar by an orc wizard (9 damage)
             ... with a magic dart
             ... on level 5 of the Dungeon.
             The game lasted 00:16:24 (4760 turns).

Klosterheim the Sneak (Spriggan Enchanter)          Turns: 4760, Time: 00:16:26

Health: -7/28      AC:  3    Str: 10    XL:     6   Next: 77%
Magic:  2/13       EV: 17    Int: 18    God:    Sif Muna [*.....]
Gold:   131        SH:  0    Dex: 16    Spells: 11/13 levels left

rFire   . . .      SeeInvis +    a - +1 dagger (drain)
rCold   . . .      Faith    .    (no shield)
rNeg    . . .      Spirit   .    b - +1 robe
rPois   .          Reflect  .    (helmet restricted)
rElec   .          Harm     .    (no cloak)
rCorr   .          Rampage  .    (gloves unavailable)
Will    +....                    (boots unavailable)
Stlth   +++.......               (no amulet)
HPRegen 0.09/turn                h - +6 ring of strength
MPRegen 0.13/turn                (no ring)

@: invisible, very quick
A: very small, no large weapons, unfitting armour, see invisible, speed 3
a: Renounce Religion, Channel Magic


You were on level 5 of the Dungeon.
You worshipped Sif Muna.
Sif Muna was aware of your devotion.
You visited 1 branch of the dungeon, and saw 6 of its levels.

You collected 317 gold pieces.
You spent 186 gold pieces at shops.

Inventory:

Hand Weapons
 a - a +1 dagger of draining (weapon)
Missiles
 f - 2 poisoned darts (quivered)
Armour
 b - a +1 robe (worn)
Jewellery
 h - a +6 ring of strength (left hand)
 t - a ring of fire
Wands
 i - a wand of mindburst (7)
Scrolls
 d - a scroll of immolation
 l - a scroll of fear
 n - a scroll of magic mapping
 r - a scroll of enchant armour
 s - 3 scrolls of identify
Potions
 e - 4 potions of brilliance
 g - a potion of might {unknown}
 j - a potion of attraction {unknown}
 k - 2 potions of lignification
 m - a potion of flight {unknown}
 o - 3 potions of degeneration {unknown}
 p - a potion of haste {unknown}
 q - a potion of curing {unknown}


   Skills:
 - Level 5.0 Short Blades
 - Level 3.0 Dodging
 - Level 6.0 Stealth
 - Level 4.0 Spellcasting
 + Level 5.7 Hexes
 - Level 1.0 Ice Magic


You had 11 spell levels left.
You knew the following spells:

 Your Spells              Type           Power      Damage    Failure   Level
a - Ensorcelled Hibernat  Hex/Ice        30%        N/A       5%          2

Your spell library contained the following spells:

 Spells                   Type           Power      Damage    Failure   Level
 Slow                     Hex            96%        N/A       1%          1
 Confusing Touch          Hex            24%        N/A       4%          3
 Tukima's Dance           Hex            24%        N/A       4%          3
 Foxfire                  Conj/Fire      12%        2x1d4     14%         1
 Magic Dart               Conj           12%        1d3       14%         1
 Dazzling Flash           Conj/Hex       26%        N/A       14%         3
 Inner Flame              Hex/Fire       13%        N/A       14%         3
 Call Imp                 Summ           3%         N/A       22%         2
 Cigotuvi's Dreadful Rot  Necr/Pois/Air  6%         N/A       22%         2
 Kindle Blastsparks       Fire/Tloc/Air  6%         2d10      41%         3
 Mephitic Cloud           Conj/Pois/Air  3%         N/A       41%         3
 Vampiric Draining        Necr           3%         2d6       41%         3
 Dispel Undead            Necr           3%         3d7       82%         4
 Flame Wave               Conj/Fire      3%         2d5       82%         4
 Summon Forest            Summ/Tloc      1%         N/A       99%         5
 Death Channel            Necr           1%         N/A       100%        6
 Eringya's Noxious Bog    Tmut/Pois      1%         N/A       100%        6
 Summon Hydra             Summ           1%         N/A       100%        7


Dungeon Overview and Level Annotations

Branches:
Dungeon (6/15)
 Temple: D:4-7

Altars:
Sif Muna
Trog

Shops:
D:3 ?


Innate Abilities, Weirdness & Mutations

You are very small and have problems with some larger weapons.
You are too small for most types of armour.
You have supernaturally acute eyesight. (SInv)
You cover ground extremely quickly. (Speed+++)


Message History

The jackal misses you. The orc wizard casts a spell at you.
The magic dart hits you.
You completely miss the orc wizard.
The jackal bites you but does no damage.
The jackal bites you.
The jackal barks!
You hit the orc wizard but do no damage.
The orc wizard barely misses you.
You hit the orc wizard but do no damage.
You drain the orc wizard.
The orc wizard is moderately wounded.
The orc wizard hits you with a +3 dagger.
The jackal bites you.
You barely miss the orc wizard.
The orc wizard is lightly wounded.
The jackal bites you. The jackal completely misses you.
The orc wizard barely misses you.
You hit the orc wizard.
The orc wizard is heavily wounded.
The jackal misses you. The jackal bites you.
The orc wizard hits you with a +3 dagger.
* * * LOW HITPOINT WARNING * * *
You barely miss the orc wizard.
The orc wizard is moderately wounded.
The jackal barely misses you. The jackal completely misses you.
The jackal closely misses you.
You fade into invisibility!
The jackal misses you.
The orc wizard gestures at you while chanting.
The magic dart hits you.
* * * LOW HITPOINT WARNING * * *
The jackal completely misses you.
You hit the orc wizard but do no damage.
You drain the orc wizard.
The orc wizard is heavily wounded.
The jackal completely misses you.
The orc wizard points at you and mumbles some strange words.
The magic dart hits you!
You die...

### ......# ..#
......# ###.#
......# ..#.#
......# #.#.# .....
####.#.# ...#
#....#.###...#
####...)o@h<....#
#.....###h#.##..# .
#.#...# #.#... .# .
#.#o#####......##
.. #.#........#####
... #..........#
#..#####..........#
.........##########
..##.##)#####..


You could see an orc wizard (unable to see you, very drained) and 2 jackals.

Vanquished Creatures
  An ogre (D:4)
  2 scorpions
  Jessica (D:3)
  3 orc wizards
  Terence (D:3)
  An iguana (D:4)
  2 adders
  A worm (D:4)
  A dart slug (D:1)
  13 orcs
  5 ball pythons
  3 bats
  6 endoplasms
  3 giant cockroaches
  6 goblins
  5 hobgoblins
  4 jackals (D:2)
  2 quokkas
  4 frilled lizards
  8 kobolds
  A rat (D:3)
73 creatures vanquished.

Notes
Turn   | Place    | Note
-------+----------+-------------------------------------------
     0 | D:1      | Klosterheim the Spriggan Enchanter began the quest for the
                  | Orb.
     0 | D:1      | Reached XP level 1. HP: 9/9 MP: 5/5
   548 | D:1      | Reached XP level 2. HP: 8/13 MP: 6/6
  1296 | D:2      | You fall into a shaft and drop 1 floor!
  1311 | D:3      | Found Sicaxia's Magic Scroll Shop.
  1512 | D:2      | Found a shimmering blue altar of Sif Muna.
  1529 | D:2      | Became a worshipper of Sif Muna the Loreminder
  1666 | D:2      | Reached XP level 3. HP: 16/16 MP: 8/8
  1669 | D:2      | Learned a level 2 spell: Ensorcelled Hibernation
  1706 | D:2      | Reached skill level 5 in Stealth
  2192 | D:2      | Reached XP level 4. HP: 21/21 MP: 5/9
  2360 | D:3      | Bought a scroll of enchant armour for 82 gold pieces
  2360 | D:3      | Bought a scroll of magic mapping for 82 gold pieces
  2360 | D:3      | Bought a scroll of identify for 22 gold pieces
  2373 | D:3      | Noticed Jessica
  2414 | D:3      | Killed Jessica
  2415 | D:3      | Reached skill level 1 in Ice Magic
  2548 | D:3      | Reached * piety under Sif Muna
  2601 | D:3      | Noticed Terence
  2642 | D:3      | Killed Terence
  2643 | D:3      | Reached XP level 5. HP: 24/24 MP: 5/10
  2701 | D:3      | Found a bloodstained altar of Trog.
  2815 | D:3      | Found a faded altar of an unknown god.
  3341 | D:4      | Noticed an ogre
  3383 | D:4      | Killed an ogre
  3384 | D:4      | Reached skill level 5 in Short Blades
  3384 | D:4      | Reached skill level 5 in Hexes
  3674 | D:4      | Reached XP level 6. HP: 28/28 MP: 6/12
  4437 | D:5      | Entered Level 5 of the Dungeon
  4681 | D:5      | Reached skill level 6 in Stealth
  4760 | D:5      | Killed from afar by an orc wizard

Illustrated notes

Levels and vault maps discovered:
D:1:      doesnt_arrival_eight_statues, layout_rooms
D:2:      layout_rooms, basic_altar
D:3:      layout_loops_cross, general_overflow_altar, basic_ecumenical_altar,
          serial_shops, nicolae_shop_competitors_out_of_business, uniq_terence,
          uniq_jessica
D:4:      layout_loops_ring, kennysheep_generic_room_3
D:5:      layout_basic, nicolae_wu_jian_wuxing_cycle
D:6:      layout_loops_ring, minmay_temple_entry_water_ring,
          ebering_ghost_disaster_area

Skill      XL: |  1  2  3  4  5  6 |
---------------+-------------------+-----
Dodging        | 3 |  3.0
Short Blades   | 2 3 4 5 |  5.0
Spellcasting   | 3 4 |  4.0
Stealth        | 5 6 |  6.0
Hexes          | 4 5 |  5.7
Ice Magic      | 1 |  1.0

Action                   |  1- 3 |  4- 6 || total
-------------------------+-------+-------++-------
Melee: Dagger            |   116 |    72 ||   188
       Punch             |     2 |     1 ||     3
 Cast: Ensorcelled Hiber |     7 |    43 ||    50
  Use: Scroll            |     2 |     5 ||     7
       Potion            |       |     2 ||     2
 Stab: Sleeping          |     9 |    26 ||    35
       Invisible         |       |     1 ||     1
Armor: Robe              |     6 |     2 ||     8
Dodge: Dodged            |    71 |    45 ||   116

Table legend: (Time is in decaauts)
 A = Elapsed time spent in this place.
 B = Non-inter-level travel time spent in this place.
 C = Inter-level travel time spent in this place.
 D = Time resting spent in this place.
 E = Time spent auto-exploring this place.
 F = Levels seen in this place.
 G = Mean time per level.
                   A        B        C        D        E       F      G
               +--------+--------+--------+--------+--------+-----+--------+
         Total |   3767 |   3611 |    156 |   1760 |   1269 |   6 |  627.8 |
       Dungeon |   3767 |   3611 |    156 |   1760 |   1269 |   6 |  627.8 |
               +--------+--------+--------+--------+--------+-----+--------+

Top non-repeatable levels by time:
     D:1: 1259 daAuts
     D:4: 1253 daAuts
     D:3: 675 daAuts
     D:2: 525 daAuts
     D:5: 51 daAuts
     D:6: 1 daAuts
